 Dungeon Crawl Stone Soup version 0.29.0-4-gdea44cf6ec (webtiles) character file.

Game seed: 4680261225011642133

20 qw the Sneak (level 2, -1/23 HPs)
             Began as a Ghoul Enchanter on Sept 5, 2022.
             Slain by a ball python (3 damage)
             ... on level 1 of the Dungeon.
             The game lasted 00:00:29 (1818 turns).

qw the Sneak (Ghoul Enchanter)                      Turns: 1818, Time: 00:00:29

Health: -1/23      AC:  2    Str: 11    XL:     2   Next: 79%
Magic:  3/3        EV:  9    Int: 10    God:
Gold:   33         SH:  0    Dex:  9    Spells: 4/4 levels left

rFire   . . .      SeeInvis .     - Unarmed
rCold   + . .      Faith    .   (no shield)
rNeg    + + +      Spirit   .   b - +0 robe
rPois   inf        Reflect  .   (no helmet)
rElec   .          Harm     .   (no cloak)
rCorr   .          Rampage  .   (no gloves)
Will    .....                   (no boots)
Stlth   ++........              (no amulet)
HPRegen 0.00/turn               (no ring)
MPRegen 0.08/turn               (no ring)

@: inhibited regen, constricted
A: claws 1, cold resistance 1, negative energy resistance 3, inhibited
regeneration, torment resistance 2, devour on kill
a: no special abilities


You were on level 1 of the Dungeon.
You visited 1 branch of the dungeon, and saw 1 of its levels.

You collected 33 gold pieces.


Innate Abilities, Weirdness & Mutations

You are immune to poison.
You have sharp fingernails.
Your flesh is cold resistant. (rC+)
You are immune to negative energy. (rN+++)
You do not regenerate when monsters are visible.
You are immune to unholy pain and torment.
You thrive by killing the living.


   Skills:
 - Level 1.3 Fighting
 - Level 0.8 Short Blades
 - Level 1.7 Dodging
 - Level 3.2 Stealth
 + Level 2.0 Unarmed Combat
 - Level 1.7 Spellcasting
 - Level 2.4 Hexes


You had 4 spell levels left.
You didn't know any spells.
Your spell library contained the following spells:

 Spells                   Type           Power      Damage    Failure   Level
 Ensorcelled Hibernation  Hex/Ice        6%         N/A       30%         2
 Confusing Touch          Hex            5%         N/A       34%         3
 Tukima's Dance           Hex            5%         N/A       34%         3
 Dazzling Flash           Conj/Hex       6%         N/A       52%         3

Inventory:

Armour
 b - a +0 robe (worn)
 e - a +0 leather armour
Scrolls
 a - a scroll of identify {unknown}
 d - a scroll of brand weapon {unknown}
 f - 2 scrolls of enchant armour {unknown}
Potions
 c - 2 potions of invisibility
 g - a potion of degeneration {unknown}

Dungeon Overview and Level Annotations

Branches:
Dungeon (1/15)

Altars:


Message History

A ball python comes into view.
A hobgoblin comes into view.
The hobgoblin shouts! x2
You barely miss the hobgoblin.
The hobgoblin hits you but does no damage.
You barely miss the hobgoblin. The hobgoblin barely misses you.
You scratch the hobgoblin.
The hobgoblin is severely wounded.
The hobgoblin hits you.
You barely miss the hobgoblin.
The hobgoblin is severely wounded.
You barely miss the hobgoblin.
The hobgoblin is severely wounded.
The hobgoblin closely misses you.
1813 ||| Stepping ~*~*~tactically~*~*~ (outnumbered).
The hobgoblin attacks as you move away! The hobgoblin hits you.
The hobgoblin attacks as you move away! The hobgoblin misses you.
The ball python closely misses you. The ball python barely misses you.
You closely miss the hobgoblin.
The hobgoblin is severely wounded.
The ball python closely misses you. The ball python grabs you.
The ball python constricts you. The hobgoblin barely misses you.
The ball python bites you but does no damage.
The ball python constricts you.
You closely miss the ball python. The hobgoblin barely misses you.
The ball python bites you but does no damage.
The ball python constricts you.
You barely miss the ball python. The hobgoblin barely misses you.
The hobgoblin hits you. The ball python bites you.
The ball python constricts you.
You closely miss the ball python.
The hobgoblin hits you. x2; The ball python barely misses you.
The ball python constricts you.
You barely miss the ball python. The hobgoblin closely misses you.
The hobgoblin hits you but does no damage.
The ball python bites you.
You die...

##########.###
..............
#####....... . #.###.#.
#.################.#
#.#. #
#.................# #.#.
# #....####.##.#####....
+
###...g####.##.%.......#
#
#.....S@..#.##.#####...)
# #.....g.....##)# ##.#.
# #.........####.# . #.
# #.......### #.# #. ##
#.......# #.# # .#
#.......# #.# # .#
#.......# # #. .#
......... ##.###. ##
......


You could see 2 hobgoblins and a ball python.

Vanquished Creatures
  2 dart slugs (D:1)
  4 bats (D:1)
  An endoplasm (D:1)
  2 giant cockroaches (D:1)
  2 goblins (D:1)
  A quokka (D:1)
  A ball python (D:1)
  A frilled lizard (D:1)
  A rat (D:1)
15 creatures vanquished.

Notes
Turn   | Place    | Note
-------+----------+-------------------------------------------
     0 | D:1      | qw the Ghoul Enchanter began the quest for the Orb.
     0 | D:1      | Reached XP level 1. HP: 14/14 MP: 2/2
     0 | D:1      | 0 ||| qw: Version: 0.1-a-104-g96f76f8
     0 | D:1      | 0 ||| qw: Game counter: 5854
     0 | D:1      | 0 ||| qw: Always use a shield: true
     0 | D:1      | 0 ||| qw: God list: Okawaru
     0 | D:1      | 0 ||| qw: Allow faded altars: false
     0 | D:1      | 0 ||| qw: Do Orc after D:15 true
     0 | D:1      | 0 ||| qw: Do second Lair branch before Depths: true
     0 | D:1      | 0 ||| qw: Lair rune preference: random
     0 | D:1      | 0 ||| qw: Plans: Normal
     0 | D:1      | 0 ||| PLANNING D:1-11
     1 | D:1      | 1 ||| DROPPING +1 dagger.
   216 | D:1      | Reached skill level 1 in Unarmed Combat
   285 | D:1      | 285 ||| Stepping ~*~*~tactically~*~*~ (hiding).
   291 | D:1      | Reached XP level 2. HP: 22/22 MP: 3/3
   293 | D:1      | Reached skill level 1 in Fighting
   596 | D:1      | 596 ||| Stepping ~*~*~tactically~*~*~ (hiding).
   698 | D:1      | 698 ||| Stepping ~*~*~tactically~*~*~ (hiding).
   800 | D:1      | 800 ||| Stepping ~*~*~tactically~*~*~ (hiding).
   902 | D:1      | 902 ||| Stepping ~*~*~tactically~*~*~ (hiding).
  1004 | D:1      | 1004 ||| Stepping ~*~*~tactically~*~*~ (hiding).
  1106 | D:1      | 1106 ||| Stepping ~*~*~tactically~*~*~ (hiding).
  1208 | D:1      | 1208 ||| Stepping ~*~*~tactically~*~*~ (hiding).
  1310 | D:1      | 1310 ||| Stepping ~*~*~tactically~*~*~ (hiding).
  1412 | D:1      | 1412 ||| Stepping ~*~*~tactically~*~*~ (hiding).
  1514 | D:1      | 1514 ||| Stepping ~*~*~tactically~*~*~ (hiding).
  1617 | D:1      | 1617 ||| Stepping ~*~*~tactically~*~*~ (hiding).
  1619 | D:1      | 1619 ||| Stepping ~*~*~tactically~*~*~ (hiding).
  1813 | D:1      | 1813 ||| Stepping ~*~*~tactically~*~*~ (outnumbered).
  1817 | D:1      | HP: 5/23 [hobgoblin (2)]
  1817 | D:1      | HP: 2/23 [hobgoblin (3)]
  1818 | D:1      | Slain by a ball python

Levels and vault maps discovered:
D:1:      roderic_lyre, layout_loops_ring, minmay_indecisive_spiral

Skill      XL: |  1  2 |
---------------+-------+-----
Unarmed Combat | 1 2 |  2.0
Fighting       | 1 |  1.3
Short Blades   | |  0.8
Dodging        | |  1.7
Stealth        | |  3.2
Spellcasting   | |  1.7
Hexes          | |  2.4

Action                   || total
-------------------------++-------
Melee: Unarmed           ||    83
       Punch             ||     1
Armor: Robe              ||    27
Dodge: Dodged            ||    65

Table legend:
 A = Non-vault XP
 B = Vault XP
 C = Vault XP percentage of total XP
 D = Non-vault monster count
 E = Vault monster count
 F = Vault count percentage of total count
                 A         B        C        D         E       F
            +---------+---------+-------+---------+---------+-------
      Total |      20 |       9 |  31.0 |      11 |       4 |  26.7
            +---------+---------+-------+---------+---------+-------
        D:1 |      20 |       9 |  31.0 |      11 |       4 |  26.7
            +---------+---------+-------+---------+---------+-------
